 Dungeon Crawl Stone Soup version 0.23.2-33-g5129a83184 (webtiles) character file.

Game seed: 12768524879916288069

814 Folque the Conjurer (level 7, 0/52 HPs)
             Began as a Demigod Conjurer on July 12, 2019.
             Slain by an ogre
             ... wielding a +0 giant spiked club
              (18 damage)
             ... on level 5 of the Dungeon.
             The game lasted 00:15:35 (4660 turns).

Folque the Conjurer (Demigod Conjurer)              Turns: 4660, Time: 00:15:36

Health: 0/52       AC:  5    Str: 11    XL:     7   Next: 35%
Magic:  3/14       EV: 13    Int: 23    God:
Gold:   242        SH:  0    Dex: 16    Spells: 2/12 levels left

rFire    . . .     SeeInvis .   K - +4 quarterstaff (chaos)
rCold    . . .     Gourm    .   (shield currently unavailable)
rNeg     . . .     Faith    .   a - +0 robe
rPois    .         Spirit   .   q - +1 helmet
rElec    .         Reflect  .   v - +0 cloak
rCorr    .         Harm     .   (no gloves)
MR       .....                  (no boots)
Stlth    ++........             (no amulet)
HPRegen  0.17/turn              (no ring)
MPRegen  0.14/turn              (no ring)

@: no status effects
A: high mp 1
a: no special abilities


You were on level 5 of the Dungeon.
You were not hungry.

You visited 1 branch of the dungeon, and saw 5 of its levels.

You collected 242 gold pieces.

Inventory:

Hand Weapons
 d - a +0 short sword
 w - a +2 trident of protection
 B - a +0 long sword
 H - the +6 flail of Intimidation {flame, rElec rPois Int-2 SInv, unknown}
   (You found it on level 5 of the Dungeon)

   It has been specially enchanted to burn those struck by it, causing extra
   injury to most foes and up to half again as much damage against particularly
   susceptible opponents.
   It affects your intelligence (-2).
   It insulates you from electricity.
   It protects you from poison.
   It lets you see invisible.
 K - a +4 quarterstaff of chaos (weapon)
Missiles
 b - 25 tomahawks (quivered)
Armour
 a - a +0 robe (worn)
 j - a +0 ring mail
 q - a +1 helmet (worn)
 v - a +0 cloak (worn)
 G - a +3 leather armour of cold resistance
 L - a +0 cloak
Jewellery
 f - a +5 amulet of reflection {unknown}
 h - a +1 ring of protection {unknown}
 o - an uncursed ring of resist corrosion {unknown}
 s - a +4 ring of strength {unknown}
 A - an uncursed amulet of rage {unknown}
Wands
 F - a wand of iceblast (5)
Scrolls
 g - 6 scrolls of remove curse
 i - a scroll of fog {unknown}
 l - a scroll of enchant armour
 n - 4 scrolls of identify
 r - a scroll of fear {unknown}
 x - a scroll of amnesia {unknown}
 y - a scroll of teleportation {unknown}
 C - a scroll of noise {unknown}
Potions
 e - 2 potions of brilliance {unknown}
 k - 2 potions of degeneration {unknown}
 m - a potion of heal wounds {unknown}
 p - a potion of agility {unknown}
 t - 4 potions of curing
 z - a potion of flight {unknown}
 I - a potion of mutation {unknown}
 J - a potion of haste {unknown}
Comestibles
 c - 9 rations
 u - 3 chunks of flesh


   Skills:
 - Level 1.0 Fighting
 * Level 0.2 Armour
 - Level 3.0 Dodging
 - Level 1.7 Stealth
 - Level 3.1 Spellcasting
 + Level 5.6 Conjurations
 * Level 4.8 Hexes


You had 2 spell levels left.
You knew the following spells:

 Your Spells              Type           Power        Failure   Level  Hunger
a - Magic Dart            Conj           ####         1%          1    None
b - Searing Ray           Conj           ####..       1%          2    ##.....
c - Dazzling Spray        Conj/Hex       ####..       4%          3    ###....
d - Fulminant Prism       Conj/Hex       ####......   13%         4    ####...

Your spell library contained the following spells:

 Spells                   Type           Power        Failure   Level  Hunger
 Confusing Touch          Hex            ####..       1%          1    None
 Slow                     Hex            ####....     2%          2    ##.....
 Sting                    Conj/Pois      ###.         3%          1    None
 Animate Skeleton         Necr           N/A          12%         1    None
 Apportation              Tloc           #.....       12%         1    None
 Summon Small Mammal      Summ           #...         12%         1    None
 Blink                    Tloc           N/A          17%         2    ##.....
 Call Imp                 Summ           #.......     17%         2    ##.....
 Poisonous Vapours        Pois/Air       #.....       17%         2    ##.....
 Conjure Flame            Conj/Fire      ###.....     11%         3    ###....
 Iskenderun's Mystic Bla  Conj           ####....     11%         4    ####...
 Mephitic Cloud           Conj/Pois/Air  ##......     16%         3    ###....
 Force Lance              Conj/Tloc      ###.....     34%         4    ####...
 Venom Bolt               Conj/Pois      ###.......   69%         5    ######.
 Olgreb's Toxic Radiance  Pois           #.......     75%         4    ####...


Dungeon Overview and Level Annotations

Branches:
Dungeon (5/15)
 Temple: D:4-7


Innate Abilities, Weirdness & Mutations

You have an increased reservoir of magic. (+10% MP)


Message History

Aiming: Fulminant Prism (safe; 13% risk of failure)
Press: ? - help, Dir - move target cursor You conjure a prism of explosive energy!
Your fulminant prism crackles loudly.
The ogre closely misses you.
Your fulminant prism explodes!
The blast of energy engulfs the centaur!
The centaur is heavily wounded.
You hear a bark!
You hear a shout! x3; You hear an angry hiss.
The centaur shoots an arrow.
The arrow hits you.
You see here an arrow.
The centaur shoots an arrow.
The arrow closely misses you.
You hear a splash.
Casting: Fulminant Prism (safe; 13% risk of failure)
Confirm with . or Enter, or press ? or * to list all spells.
Aiming: Fulminant Prism (safe; 13% risk of failure)
Press: ? - help, Dir - move target cursor You conjure a prism of explosive energy!
The ogre hits you with a +0 giant spiked club!!
You die...

******,,≈≈≈≈,≈*,*≈≈≈≈≈≈≈≈≈≈≈*** *
*,,≈,≈≈≈≈,.♣≈P≈≈≈≈≈≈≈≈≈*,* *
*,,,≈≈≈≈≈,..≈≈≈P≈≈≈≈≈≈≈,,* *
******,,≈,≈≈,≈,#.≈≈≈≈≈≈≈≈≈≈≈,,***
,,,,,*,.♣≈≈≈≈≈,#.≈≈PP≈≈≈≈≈≈≈,,+,+
****,,,♣≈.≈≈≈≈*#.P(≈P≈≈P≈≈≈≈,,***
*,,,.≈≈♣≈,≈*#.≈PPP.≈P≈≈≈≈,,,,,
****,,,.P.≈.P,,#.≈.PP..P.≈≈≈#*.#*
,,,,,,,....P.,*#@............,...
****,,,......###O............,##.
******'.....$................,...
,,,,,,,.......c.*............,...
***,,,,....###.#.............,...
*,,,,..,,* #(#####.............
***≈≈,,,,,,###.((.##.(...........
,*≈≈**,,.........%'c†............
≈≈≈≈≈**≈...###....##.............


You could see an ogre, a centaur and a friendly fulminant prism.

Vanquished Creatures
  2 crimson imps
  A hound (D:4)
  6 orc priests
  Crazy Yiuf (D:5)
  A gnoll shaman (D:3)
  2 orc wizards
  Jessica (D:2)
  Ijyb (D:4)
  Natasha (thrice) (D:2)
  A worker ant (D:5)
  Robin (D:2)
  7 adders
  8 gnolls
  A shadow imp (D:5)
  An ooze (D:2)
  2 adder skeletons
  3 worms
  3 dart slugs
  A leopard gecko (D:2)
  12 orcs
  3 giant cockroaches
  8 goblins
  12 hobgoblins
  4 jackals (D:2)
  A quokka (D:3)
  A ball python (D:5)
  7 bats
  4 frilled lizards
  5 kobolds
  3 rats
106 creatures vanquished.

Vanquished Creatures (others)
  6 fulminant prisms
  A plant (D:5)
7 creatures vanquished.

Grand Total: 113 creatures vanquished

Notes
Turn   | Place    | Note
-------+----------+-------------------------------------------
     0 | D:1      | Folque the Demigod Conjurer began the quest for the Orb.
     0 | D:1      | Reached XP level 1. HP: 14/14 MP: 5/5
   702 | D:1      | Reached XP level 2. HP: 11/22 MP: 4/7
   709 | D:1      | Learned a level 2 spell: Searing Ray
  1245 | D:2      | Reached skill level 4 in Conjurations
  1264 | D:2      | Reached skill level 1 in Fighting
  1273 | D:2      | Noticed Jessica
  1280 | D:2      | Killed Jessica
  1280 | D:2      | Reached XP level 3. HP: 21/28 MP: 0/9
  1296 | D:2      | Learned a level 3 spell: Dazzling Spray
  1506 | D:2      | Noticed Robin
  1511 | D:2      | Killed Robin
  1614 | D:2      | Noticed Natasha
  1637 | D:2      | Killed Natasha
  1637 | D:2      | Reached XP level 4. HP: 9/35 MP: 2/11
  1937 | D:2      | Found a shadowy altar of Dithmenos.
  2021 | D:2      | Found a stormy altar of Qazlal.
  2022 | D:2      | Found a shimmering altar of Xom.
  2086 | D:2      | Noticed Natasha
  2090 | D:2      | Killed Natasha
  2090 | D:2      | Reached skill level 1 in Hexes
  2357 | D:2      | Noticed Natasha
  2363 | D:2      | Killed Natasha
  2363 | D:2      | Reached XP level 5. HP: 40/40 MP: 4/12
  2374 | D:2      | Learned a level 4 spell: Fulminant Prism
  2480 | D:3      | Found a hide-covered altar of Uskayaw.
  3042 | D:3      | Found an opulent altar of Gozag.
  3193 | D:3      | Reached XP level 6. HP: 47/47 MP: 13/13
  3338 | D:4      | Reached skill level 5 in Conjurations
  3825 | D:4      | Found a radiant altar of Vehumet.
  3825 | D:4      | Found a burning altar of Makhleb.
  4065 | D:5      | Entered Level 5 of the Dungeon
  4207 | D:5      | Noticed Ijyb
  4210 | D:5      | Reached XP level 7. HP: 52/52 MP: 2/14
  4239 | D:4      | Killed Ijyb
  4392 | D:5      | Got an ebony flail
  4522 | D:5      | Found a runed translucent door.
  4523 | D:5      | Noticed Crazy Yiuf
  4531 | D:5      | Killed Crazy Yiuf
  4660 | D:5      | Slain by an ogre

Skill      XL: |  1  2  3  4  5  6  7 |
---------------+----------------------+-----
Spellcasting   | 2 3 |  3.1
Conjurations   | 4 5 |  5.6
Fighting       | 1 |  1.0
Hexes          | 1 3 4 |  4.8
Dodging        | 2 3 |  3.0
Armour         | |  0.2
Stealth        | |  1.7

Action                   |  1- 3 |  4- 6 |  7- 9 || total
-------------------------+-------+-------+-------++-------
Melee: Short sword       |    57 |    46 |       ||   103
       Unarmed           |     9 |       |       ||     9
       Trident           |       |    53 |    16 ||    69
       Quarterstaff      |       |       |    18 ||    18
Throw: Tomahawk          |       |     4 |       ||     4
 Cast: Magic Dart        |    22 |    16 |     1 ||    39
       Searing Ray       |     6 |    25 |     7 ||    38
       Dazzling Spray    |       |     9 |       ||     9
       Fulminant Prism   |       |     3 |     4 ||     7
  Use: Scroll            |       |       |     4 ||     4
 Stab: Sleeping          |     3 |     4 |       ||     7
       Invisible         |       |     2 |       ||     2
  Eat: Chunk             |     3 |    10 |     2 ||    15
Armor: Robe              |    20 |    22 |    11 ||    53
Dodge: Dodged            |    48 |    73 |    40 ||   161
